 Seeded DCSS version 0.30-a0-937-ga0a21ad780 (webtiles) character file.

Game seed: 14888120050964983059 (custom seed)

70 Pimp the Covered (level 4, -21/40 HPs)
             Began as an Armataur Fighter on Mar 24, 2023.
             Killed from afar by an acid dragon (26 damage)
             ... with a splash of acid
             ... on level 5 of the Dungeon.
             The game lasted 00:04:58 (2121 turns).

Pimp the Covered (Armataur Fighter)                 Turns: 2121, Time: 00:04:59

Health: -21/40     AC:  5    Str: 27    XL:     4   Next: 4%
Magic:  4/4        EV:  7    Int: 10    God:
Gold:   1020       SH:  4    Dex: 10    Spells: 3/3 levels left

rFire   . . .      SeeInvis .    a - +0 flail
rCold   . . .      Faith    .    c - +0 buckler
rNeg    . . .      Spirit   .    b - +0 scale mail
rPois   +          Reflect  .    f - +0 helmet
rElec   .          Roll     +    (no cloak)
rCorr   .                        g - +0 pair of gloves
Will    .....                    (no barding) Stlth
                                 (no amulet)
HPRegen 0.26/turn                n - +6 ring of strength
MPRegen 0.09/turn                v - ring of poison resistance

@: mighty, corroded, studying 2 skills, invisible
A: large, rugged brown scales 3, deformed body, armoured tail, roll, long
tongue, awkward tongue
a: no special abilities


You were on level 5 of the Dungeon.
You visited 1 branch of the dungeon, and saw 4 of its levels.

You collected 1020 gold pieces.

Inventory:

Hand Weapons
 a - a +0 flail (weapon)
Armour
 b - a +0 scale mail (worn)
 c - a +0 buckler (worn)
 f - a +0 helmet (worn)
 g - a +0 pair of gloves (worn)
Jewellery
 n - a +6 ring of strength (left hand)
 p - a ring of willpower
 v - a ring of poison resistance (right hand)
Scrolls
 i - a scroll of fog {unknown}
 j - a scroll of silence
 k - a scroll of teleportation {unknown}
 m - a scroll of magic mapping {unknown}
 o - a scroll of fear {unknown}
 r - a scroll of brand weapon {unknown}
Potions
 h - 2 potions of curing
 u - a potion of heal wounds {unknown}


   Skills:
 + Level 3.2 Fighting
 + Level 2.4 Maces & Flails
 + Level 4.3 Armour
 + Level 4.0 Shields


You had 3 spell levels left.
You didn't know any spells.
Your spell library contained the following spells:

 Spells                   Type           Power      Damage    Failure   Level
 Sting                    Tmut/Pois      0%         1d3       69%         1
 Cigotuvi's Dreadful Rot  Necr/Pois/Air  0%         N/A       83%         2
 Poisonous Vapours        Pois/Air       0%         N/A       83%         2
 Mephitic Cloud           Conj/Pois/Air  0%         N/A       96%         3
 Olgreb's Toxic Radiance  Pois           0%         N/A       100%        4


Dungeon Overview and Level Annotations

Branches:
Dungeon (3/15)

Altars:

Shops:
D:1 :   D:3 =


Innate Abilities, Weirdness & Mutations

You are completely covered in rugged brown scales. (AC +3, +7% HP)
Armour fits poorly on your strangely shaped body.
You have a long armoured tail.
You roll when moving toward enemies. (Rampage)
Your long tongue fully drains potion bottles. (2x potion effects)
Your tongue gives you trouble enunciating. (1.5x scroll delay)


Message History

You hit the acid dragon but do no damage.
The acid dragon spits acid at you. The splash of acid hits you!!
Ouch! That really hurt!
* * * LOW HITPOINT WARNING * * *
The acid corrodes you!
You barely miss the acid dragon. The acid dragon bites you.
* * * LOW HITPOINT WARNING * * *
The acid dragon closely misses you.
You catch the helpless acid dragon completely off-guard!
You hit the acid dragon but do no damage.
Your tail-slap misses the acid dragon.
Okay, then.
You feel better.
You slurp down every last drop of the potion of curing!
You block the acid dragon's attack. The acid dragon claws you.
There is an open door here.
You hit the acid dragon but do no damage.
The acid dragon spits acid at you. The splash of acid hits you!
* * * LOW HITPOINT WARNING * * *
You barely miss the acid dragon. You block the acid dragon's attack.
The acid dragon closely misses you.
You hit the acid dragon.
The acid dragon is lightly wounded.
The acid dragon completely misses you.
The acid dragon claws you but does no damage.
The acid dragon closely misses you. x2
You catch the helpless acid dragon completely off-guard!
You hit the acid dragon.
The acid dragon is lightly wounded.
The acid dragon bites you!
* * * LOW HITPOINT WARNING * * *
You block the acid dragon's attack.
You sock the acid dragon!
The acid dragon is severely wounded.
The acid dragon spits acid at you. The splash of acid hits you!!
Ouch! That really hurt!
You die...

#.......##§≈≈≈≈
#........##≈≈≈≈
#.....#### #≈≈≈
#!....# #.....#
#.....#
#.....##+#
#....D#..#
#.....@..#
#.....#..#
#.....#..+
#.....#..#
#.....#..#
#.....#...
#.....#....
#.....#....
#.....


You could see an acid dragon (unable to see you, catching breath).

Vanquished Creatures
  An adder (D:2)
  5 dart slugs
  An orc (D:3)
  3 bats
  4 endoplasms
  4 giant cockroaches
  5 goblins
  2 hobgoblins
  3 jackals (D:1)
  6 kobolds
  2 quokkas
  5 ball pythons
  2 frilled lizards (D:1)
  3 rats
46 creatures vanquished.

Notes
Turn   | Place    | Note
-------+----------+-------------------------------------------
     0 | D:1      | Pimp the Armataur Fighter began the quest for the Orb.
     0 | D:1      | Reached XP level 1. HP: 19/19 MP: 1/1
   145 | D:1      | Found Fitz's Book Shoppe.
   186 | D:1      | Reached XP level 2. HP: 26/26 MP: 2/2
   710 | D:1      | Found a faded altar of an unknown god.
   761 | D:1      | Reached XP level 3. HP: 33/33 MP: 3/3
   969 | D:2      | Identified the +2 dagger of Fragile Peace {drain, rN+++
                  | Str+3 Int-3 Dex-3}
  1994 | D:3      | Found Irhayteu's Jewellery Boutique.
  2017 | D:3      | Reached XP level 4. HP: 40/40 MP: 4/4
  2053 | D:3      | You fall into a shaft and drop 2 floors!
  2053 | D:5      | Entered Level 5 of the Dungeon
  2054 | D:5      | Identified 3 scrolls of acquirement
  2061 | D:5      | Acquired a manual of Transmutations
  2064 | D:5      | Acquired a manual of Air Magic
  2068 | D:5      | Acquired 899 gold pieces
  2090 | D:5      | Noticed an acid dragon
  2121 | D:5      | Killed from afar by an acid dragon

Illustrated notes

Levels and vault maps discovered:
D:1:      elethiomel_arrival_maze, layout_loops_ring, serial_shops,
          nicolae_lakefront_shop, hellmonk_ecumenical_altar_arch_garden,
          nicolae_concentric_dashed_squares_mild
D:2:      layout_basic
D:3:      layout_basic, serial_shops, nicolae_shop_stone
D:5:      kennysheep_big_flooded_room, layout_gridville, lemuel_tele_altar,
          uniq_pikel, uniq_blork_the_orc

Skill      XL: |  1  2  3 |
---------------+----------+-----
Maces & Flails | 2 |  2.4
Armour         | 4 |  4.3
Fighting       | 3 |  3.2
Shields        | 4 |  4.0

Action                     |  1- 3 |  4- 6 || total
---------------------------+-------+-------++-------
  Melee: Flail             |   131 |    11 ||   142
         Tailslap          |    13 |     1 ||    14
    Use: Scroll            |       |     8 ||     8
         Potion            |       |     3 ||     3
   Stab: Invisible         |       |     2 ||     2
 Armour: Scale mail        |    74 |     1 ||    75
  Dodge: Dodged            |    42 |     7 ||    49
  Block: Buckler           |    26 |     3 ||    29

Table legend: (Time is in decaauts)
 A = Elapsed time spent in this place.
 B = Non-inter-level travel time spent in this place.
 C = Inter-level travel time spent in this place.
 D = Time resting spent in this place.
 E = Time spent auto-exploring this place.
 F = Levels seen in this place.
 G = Mean time per level.
                   A        B        C        D        E       F      G
               +--------+--------+--------+--------+--------+-----+--------+
         Total |   2167 |   2149 |     18 |      0 |   1700 |   4 |  541.8 |
       Dungeon |   2167 |   2149 |     18 |      0 |   1700 |   4 |  541.8 |
               +--------+--------+--------+--------+--------+-----+--------+

Top non-repeatable levels by time:
     D:2: 995 daAuts
     D:1: 965 daAuts
     D:3: 133 daAuts
     D:5: 73 daAuts
